 Dungeon Crawl Stone Soup version 0.20.1-1-g8b1a95d (webtiles) character file.

67 Megalobster the Conjurer (level 4, 0/24 HPs)
             Began as a Deep Elf Conjurer on July 22, 2017.
             Slain by appiemonkey's ghost (4 damage)
             ... on level 3 of the Dungeon.
             The game lasted 00:06:56 (2513 turns).

Megalobster the Conjurer (Deep Elf Conjurer)        Turns: 2513, Time: 00:06:57

Health: 0/24       AC:  2    Str:  5    XL:     4   Next: 0%
Magic:  0/12       EV: 13    Int: 21    God:
Gold:   119        SH:  0    Dex: 18    Spells: 0/11 levels left

rFire    . . .     SeeInvis .   h - +0 dagger
rCold    . . .     Gourm    .   (no shield)
rNeg     . . .     Faith    .   a - +0 robe
rPois    .         Spirit   .   (no helmet)
rElec    .         Reflect  .   (no cloak)
rCorr    .         Harm     .   (no gloves)
MR       .....                  (no boots)
Stlth    ++........             (no amulet)
Regen    0.1/turn               q - +3 ring of dexterity
MPRegen  0.2/turn               (no ring)

@: no status effects
A: no striking features
a: no special abilities


You were on level 3 of the Dungeon.
You were not hungry.

You visited 1 branch of the dungeon, and saw 3 of its levels.

You collected 119 gold pieces.

Inventory:

Hand Weapons
 h - a +0 dagger (weapon)
Missiles
 m - 20 stones (quivered)
 p - 22 sling bullets
Armour
 a - a +0 robe (worn)
 t - a +0 shield
Jewellery
 q - a +3 ring of dexterity (left hand)
Scrolls
 d - a scroll of enchant armour {unknown}
 e - 2 scrolls of blinking {unknown}
 g - 4 scrolls of identify {unknown}
 i - 3 scrolls of remove curse {unknown}
 l - 2 scrolls of teleportation {unknown}
 n - a scroll of magic mapping {unknown}
 r - a scroll of fear {unknown}
 s - 2 scrolls of random uselessness {unknown}
 u - a scroll of fog {unknown}
Potions
 j - a potion of heal wounds {unknown}
 k - 2 potions of degeneration {unknown}
 o - a potion of haste {unknown}
Books
 b - a book of Conjurations

   Spells                             Type                      Level
   a - Magic Dart                     Conjuration                  1
   b - Searing Ray                    Conjuration                  2
   c - Dazzling Spray                 Conjuration/Hexes            3
   d - Fulminant Prism                Conjuration/Hexes            4
   e - Force Lance                    Conjuration/Translocation    4
   f - Iskenderun's Mystic Blast      Conjuration                  4
Comestibles
 c - 3 bread rations
 f - 2 meat rations


   Skills:
 - Level 2.4 Dodging
 - Level 2.4 Stealth
 + Level 4.0 Spellcasting
 * Level 5.7 Conjurations
 + Level 0.0 Hexes


You couldn't memorise any spells.
You knew the following spells:

 Your Spells              Type           Power        Failure   Level  Hunger
a - Magic Dart            Conj           ####         1%          1    None
b - Searing Ray           Conj           ####..       1%          2    #......
c - Iskenderun's Mystic   Conj           ####....     12%         4    ####...
d - Fulminant Prism       Conj/Hex       ###.......   36%         4    ####...


Dungeon Overview and Level Annotations

Branches:
Dungeon (3/15)

Altars:
Cheibriados
Makhleb
Okawaru
Yredelemnul

Annotations:
D:3 appiemonkey's ghost, amateur HuCj


Message History

Casting: Iskenderun's Mystic Blast
Confirm with . or Enter, or press ? or * to list all spells.
Aiming: Searing Ray
Press: ? - help, Shift-Dir - straight line, f/p - appiemonkey's ghost
Aim: appiemonkey's ghost (heavily damaged)
The searing ray hits appiemonkey's ghost.
Appiemonkey's ghost is heavily damaged. (Press . to maintain the ray.) Appiemonkey's ghost points at you and mumbles some strange words.
The magic dart hits you!
The searing ray hits appiemonkey's ghost.
Appiemonkey's ghost is heavily damaged.
The searing ray hits appiemonkey's ghost.
Appiemonkey's ghost is severely damaged.
Appiemonkey's ghost points at you and mumbles some strange words.
The magic dart hits you!
* * * LOW HITPOINT WARNING * * *
Without enough magic to sustain it, your searing ray dissipates.
Appiemonkey's ghost hits you.
You die...

...#####..##
#.#.#
#.........#
#.#.#
#.........#
#.#.#
#.........####
#.###
#####.........#
#....
#...#.........#
#####
+...............
#...#.........##
###.#@#####.###
#..W.# ..#
#..%.# .# #....#
# .......#
#...##### #.#.
...# .


You could see appiemonkey's ghost.

Vanquished Creatures
  An adder (D:2)
  2 oozes
  A worm (D:2)
  2 dart slugs (D:1)
  2 giant cockroaches (D:1)
  5 goblins
  4 hobgoblins
  8 jackals
  2 quokkas (D:2)
  A bat (D:1)
  2 frilled lizards
  6 kobolds
  6 rats
42 creatures vanquished.

Notes
Turn   | Place    | Note
-------+----------+-------------------------------------------
     0 | D:1      | Megalobster the Deep Elf Conjurer began the quest for the Orb.
     0 | D:1      | Reached XP level 1. HP: 10/10 MP: 6/6
   268 | D:1      | Reached XP level 2. HP: 15/15 MP: 2/8
   273 | D:1      | Learned a level 2 spell: Searing Ray
   452 | D:1      | Reached skill level 5 in Conjurations
   820 | D:1      | Reached XP level 3. HP: 19/19 MP: 1/10
  1271 | D:2      | Found a basalt altar of Yredelemnul.
  1713 | D:2      | Found a snail-covered altar of Cheibriados.
  1885 | D:2      | Found a burning altar of Makhleb.
  1885 | D:2      | Found an iron altar of Okawaru.
  2321 | D:3      | Noticed appiemonkey's ghost (amateur HuCj)
  2461 | D:3      | Reached XP level 4. HP: 24/24 MP: 10/12
  2481 | D:3      | Learned a level 4 spell: Iskenderun's Mystic Blast
  2486 | D:3      | Learned a level 4 spell: Fulminant Prism
  2513 | D:3      | Slain by appiemonkey's ghost

Skill      XL: |  1  2  3 |
---------------+----------+-----
Conjurations   | 5 |  5.7
Spellcasting   | 4 |  4.0
Dodging        | |  2.4
Stealth        | |  2.4

Action                   |  1- 3 |  4- 6 || total
-------------------------+-------+-------++-------
Melee: Dagger            |    37 |       ||    37
 Cast: Magic Dart        |    51 |     1 ||    52
       Searing Ray       |    10 |     1 ||    11
       Iskenderun's Myst |       |     2 ||     2
  Eat: Chunk             |     5 |       ||     5
Armor: Robe              |     7 |       ||     7
Dodge: Dodged            |    40 |       ||    40
